 Dungeon Crawl Stone Soup version 0.26-a0-1184-g95e395e029 (webtiles) character file.

Game seed: 10865899842276357569

9068 vvl the Grappler (level 11, -2/159 HPs)
             Began as a Troll Monk on Dec 28, 2020.
             Was a High Priest of Kikubaaqudgha.
             Slain by a boulder beetle (8 damage)
             ... on level 11 of the Dungeon.
             The game lasted 00:34:40 (8962 turns).

vvl the Grappler (Troll Monk)                       Turns: 8962, Time: 00:34:41

Health: -2/159     AC: 12    Str: 21    XL:     11   Next: 18%
Magic:  12/12      EV: 10    Int:  9    God:    Kikubaaqudgha [*****.]
Gold:   682        SH:  0    Dex: 12    Spells: 13/13 levels left

rFire    . . .     SeeInvis +     - Unarmed
rCold    + . .     Faith    +   (no shield)
rNeg     . . .     Spirit   .   M - +0 acid dragon scales
rPois    .         Reflect  .   (helmet restricted)
rElec    .         Harm     .   r - +0 cloak
rCorr    +         Rampage  .   (gloves unavailable)
Will     .....                  (boots unavailable)
Stlth    ..........             w - amulet of faith
HPRegen  0.76/turn              H - ring of protection from cold
MPRegen  0.13/turn              z - ring of see invisible

@: berserking, lethally poisoned (-2 -> -3), very quick
A: large, unfitting armour, claws 3, regeneration 1, shaggy fur 1, tough skin 3
a: Renounce Religion, Receive Corpses, Torment


You were on level 11 of the Dungeon.
You worshipped Kikubaaqudgha.
Kikubaaqudgha was extremely pleased with you.
You visited 2 branches of the dungeon, and saw 12 of its levels.

You collected 682 gold pieces.

Inventory:

Hand Weapons
 d - a +1 short sword of distortion
 l - a +3 short sword of flaming
 D - a cursed +0 dagger
 J - a +4 quarterstaff of chaos
 L - a +0 vorpal glaive
 P - a +3 morningstar
 Q - a +3 scimitar of flaming
Missiles
 y - 3 throwing nets (quivered)
Armour
 c - a +0 tower shield
 r - a +0 cloak (worn)
 u - a +0 robe of willpower
 M - +0 acid dragon scales (worn)
 R - a +2 robe of fire resistance
 V - a +0 kite shield
Jewellery
 w - an amulet of faith (around neck)
 z - a ring of see invisible (right claw)
 F - an uncursed ring of see invisible
 H - a ring of protection from cold (left claw)
 T - an uncursed amulet of magic regeneration
Wands
 g - a wand of flame (20)
 s - a wand of acid (4)
 v - a wand of enslavement (4)
 G - a wand of polymorph (10)
 O - a wand of iceblast (9)
 W - a wand of digging (3)
Scrolls
 a - 2 scrolls of fear
 h - 9 scrolls of remove curse
 m - a scroll of noise
 n - 2 scrolls of random uselessness
 q - 6 scrolls of teleportation
 C - 2 scrolls of enchant weapon {unknown}
 E - a scroll of fog {unknown}
 I - 4 scrolls of magic mapping {unknown}
 K - a scroll of acquirement {unknown}
 N - 2 scrolls of immolation {unknown}
 S - a scroll of blinking {unknown}
 U - a scroll of amnesia
Potions
 b - 5 potions of might
 e - 4 potions of lignification
 f - a potion of cancellation
 i - 5 potions of curing
 j - a potion of berserk rage
 k - 3 potions of attraction
 o - a potion of resistance {unknown}
 p - 2 potions of flight
 t - a potion of mutation {unknown}
 x - a potion of heal wounds
 A - 3 potions of brilliance
 B - 2 potions of haste


   Skills:
 + Level 6.3 Fighting
 + Level 5.7 Armour
 - Level 2.4 Dodging
 - Level 1.0 Stealth
 * Level 9.3 Unarmed Combat
 + Level 1.7 Spellcasting
 * Level 8.2 Necromancy
 + Level 3.7 Evocations


You had 13 spell levels left.
You didn't know any spells.
Your spell library contained the following spells:

 Spells                   Type           Power        Failure   Level
 Pain                     Necr           60%          1%          1
 Sublimation of Blood     Necr           7%           2%          2
 Vampiric Draining        Necr           7%           4%          3
 Corpse Rot               Necr/Air       N/A          12%         2
 Animate Dead             Necr           7%           14%         4
 Dispel Undead            Necr           15%          14%         4
 Agony                    Necr           15%          36%         5
 Excruciating Wounds      Necr           7%           36%         5
 Sandblast                Erth           0%           38%         1
 Passwall                 Tmut/Erth      0%           54%         2
 Confusing Touch          Hex            0%           77%         3
 Gell's Gravitas          Tloc           0%           77%         3
 Stone Arrow              Conj/Erth      0%           77%         3
 Death Channel            Necr           7%           91%         6
 Petrify                  Tmut/Erth      0%           99%         4
 Bolt of Magma            Conj/Fire/Erth 0%           100%        5
 Iskenderun's Battlesphe  Conj           0%           100%        5
 Lee's Rapid Deconstruct  Erth           0%           100%        5
 Metabolic Englaciation   Hex/Ice        0%           100%        5
 Yara's Violent Unravell  Hex/Tmut       0%           100%        5
 Iron Shot                Conj/Erth      0%           100%        6
 Orb of Destruction       Conj           0%           100%        7
 Spellforged Servitor     Conj/Summ      0%           100%        7


Dungeon Overview and Level Annotations

Branches:
Dungeon (11/15)            Temple (1/1) D:4
   Lair: D:8-11         Orc: D:9-12

Altars:
Ashenzari
Cheibriados
Dithmenos
Elyvilon
Fedhas
Gozag
Hepliaklqana
Kikubaaqudgha
Makhleb
Nemelex Xobeh
Okawaru
Qazlal
Ru
Sif Muna
Trog
Uskayaw
Vehumet
Wu Jian
Xom
Yredelemnul
Zin
The Shining One

Annotations:
D:9 2 transporters, McSplat's ghost, novice HuFE


Innate Abilities, Weirdness & Mutations

You are too large for most types of armour.
You have claws for hands.
Your natural rate of healing is unusually fast.
You are covered in fur. (AC +1)
You have extremely tough skin. (AC +3)


Message History

You scratch the boulder beetle but do no damage.
You scratch the boulder beetle but do no damage.
You feel sick. The boulder beetle bites you!
* * * LOW HITPOINT WARNING * * *
The sky beast closely misses you.
You mangle the boulder beetle!!
The boulder beetle is moderately wounded.
The boulder beetle barely misses you.
You mangle the boulder beetle!!
The boulder beetle is severely wounded.
The sky beast hits you.
* * * LOW HITPOINT WARNING * * *
The sky beast shocks you.
* * * LOW HITPOINT WARNING * * *
You mangle the boulder beetle!!
The boulder beetle is almost dead.
The boulder beetle waves its antennae.
The boulder beetle bites you!
You die...
Kikubaaqudgha rasps: "You have failed me!
Welcome... death!"

.....############.o#
######
..#....)..........##
.###.###########.##
.####.....^.# #o#
.#.#.######[# #o#
....## #.# #o#
.....### #.# #Y#
.......# #.# #Y#
.....#.# #.# #@#
....##.# #.####B#
.#.###.# #......#
.#.###.# ##..#####
.#.....###.>.......
#####.##....#######
#.##....)...... #
#.##....######
..####.##.†.........


You could see a boulder beetle, 2 sky beasts, 2 orc wizards and an orc.

Vanquished Creatures
  Erica (D:8)
  Pikel (D:4)
  Joseph (D:9)
  A centaur zombie (D:10)
  2 gargoyles
  Maurice (D:10)
  Maggie (D:6)
  A troll (D:11)
  Prince Ribbit (D:8)
  A hornet (D:10)
  A wyvern (D:9)
  A yak (D:7)
  Grum (D:8)
  A soldier ant (D:7)
  3 water moccasins
  A sky beast (D:10)
  3 black bears
  3 orc warriors
  2 necrophages
  3 wolves
  4 ogres
  3 centaurs
  A lemure (D:4)
  Blork the orc (D:4)
  A big kobold (D:10)
  8 bullfrogs
  7 scorpions
  4 killer bees (D:10)
  4 howler monkeys
  A quasit (D:6)
  3 bullfrog skeletons
  5 orc wizards
  3 hounds
  2 centaur skeletons (D:5)
  5 orc priests
  4 jellies
  Crazy Yiuf (D:5)
  Terence (D:2)
  Jessica (D:3)
  Natasha (thrice) (D:4)
  Ijyb (D:3)
  3 iguanas
  11 worker ants
  A hound skeleton (D:10)
  2 worker ant zombies (D:7)
  Robin (D:3)
  7 gnolls
  12 adders
  2 shadow imps
  A white imp (D:7)
  2 ufetubi
  An ooze (D:6)
  An adder zombie (D:8)
  2 adder skeletons
  4 dart slugs
  6 leopard geckos
  23 orcs
  6 bats
  3 giant cockroaches
  9 goblins
  6 hobgoblins
  9 jackals
  5 quokkas
  4 frilled lizards
  9 kobolds
  A quokka skeleton (D:6)
  8 rats
232 creatures vanquished.

Vanquished Creatures (others)
  Psyche (D:10)
  2 orc wizards (D:10)
  53 fungi (D:11)
  51 plants (D:11)
107 creatures vanquished.

Grand Total: 339 creatures vanquished

Notes
Turn   | Place    | Note
-------+----------+-------------------------------------------
     0 | D:1      | vvl the Troll Monk began the quest for the Orb.
     0 | D:1      | Reached XP level 1. HP: 22/22 MP: 0/0
   186 | D:1      | Reached XP level 2. HP: 18/29 MP: 1/1
   248 | D:1      | Reached skill level 1 in Necromancy
   691 | D:1      | Reached XP level 3. HP: 32/36 MP: 2/2
   846 | D:2      | Reached skill level 1 in Armour
   884 | D:2      | Noticed Terence
   897 | D:2      | Killed Terence
   898 | D:2      | Reached XP level 4. HP: 24/44 MP: 3/3
  1084 | D:2      | Reached XP level 5. HP: 42/53 MP: 4/4
  1518 | D:3      | Found a broken altar of Ashenzari.
  1559 | D:3      | Noticed Ijyb
  1575 | D:3      | Killed Ijyb
  1668 | D:3      | Noticed Jessica
  1673 | D:3      | Killed Jessica
  1714 | D:3      | Noticed Robin
  1725 | D:3      | Reached skill level 4 in Unarmed Combat
  1728 | D:3      | Killed Robin
  1918 | D:3      | Reached XP level 6. HP: 60/61 MP: 5/5
  1935 | D:3      | Found a hide-covered altar of Uskayaw.
  2207 | D:4      | Noticed Blork the orc
  2221 | D:4      | Killed Blork the orc
  2291 | D:4      | Reached XP level 7. HP: 65/67 MP: 6/6
  2348 | D:4      | Found a staircase to the Ecumenical Temple.
  2354 | D:4      | Noticed Pikel
  2369 | D:4      | Killed Pikel
  2370 | D:4      | Reached skill level 5 in Unarmed Combat
  2386 | D:3      | Reached XP level 8. HP: 15/78 MP: 7/7
  2571 | Temple   | Entered the Ecumenical Temple
  3067 | Temple   | Became a worshipper of Kikubaaqudgha
  3067 | Temple   | Reached * piety under Kikubaaqudgha
  3067 | Temple   | Identified Kikubaaqudgha's Catalogue of Sinister Rituals
                  | (Kikubaaqudgha gifted it to you in the Ecumenical Temple)
  3067 | Temple   | Received a gift from Kikubaaqudgha
  3067 | Temple   | Reached ** piety under Kikubaaqudgha
  3091 | D:4      | Noticed Natasha
  3098 | D:4      | Killed Natasha
  3111 | D:4      | Noticed Natasha
  3116 | D:4      | Killed Natasha
  3137 | D:4      | Reached skill level 5 in Necromancy
  3294 | D:4      | Noticed Natasha
  3300 | D:4      | Killed Natasha
  3340 | D:4      | Found an opulent altar of Gozag.
  3556 | D:5      | Entered Level 5 of the Dungeon
  3588 | D:5      | Found a basalt altar of Yredelemnul.
  4004 | D:5      | Found a runed translucent door.
  4005 | D:5      | Noticed Crazy Yiuf
  4015 | D:5      | Killed Crazy Yiuf
  4225 | D:6      | Found a shadowy altar of Dithmenos.
  4331 | D:6      | Reached skill level 6 in Unarmed Combat
  4339 | D:6      | Reached skill level 1 in Evocations
  4356 | D:6      | Noticed Maggie
  4370 | D:6      | Killed Maggie
  4371 | D:6      | Reached XP level 9. HP: 63/87 MP: 8/8
  4446 | D:6      | Reached *** piety under Kikubaaqudgha
  4446 | D:6      | Identified Kikubaaqudgha's Tome of Sinister Rituals
                  | (Kikubaaqudgha gifted it to you on level 6 of the Dungeon)
  4446 | D:6      | Received a gift from Kikubaaqudgha
  4817 | D:7      | Reached skill level 5 in Fighting
  5557 | D:8      | Found an opulent altar of Gozag.
  5589 | D:8      | Reached skill level 7 in Unarmed Combat
  5601 | D:8      | Noticed Erica
  5616 | D:8      | Killed Erica
  5771 | D:8      | Noticed Prince Ribbit
  5792 | D:8      | Killed Prince Ribbit
  6050 | D:8      | Noticed Grum
  6072 | D:8      | Reached **** piety under Kikubaaqudgha
  6073 | D:8      | Reached XP level 10. HP: 28/96 MP: 9/9
  6482 | D:8      | Killed Grum
  6483 | D:8      | Reached skill level 5 in Armour
  6483 | D:8      | Reached skill level 8 in Unarmed Combat
  6807 | D:9      | Noticed a manticore
  6812 | D:9      | Found a transporter.
  6819 | D:9      | Found a transporter.
  6884 | D:9      | Got a pitted leather armour
  6935 | D:9      | Noticed a moth of wrath
  7088 | D:9      | Noticed Joseph
  7107 | D:9      | Killed Joseph
  7171 | D:9      | Noticed McSplat's ghost (novice HuFE)
  7234 | D:9      | Found a white marble altar of Elyvilon.
  7394 | D:10     | Entered Level 10 of the Dungeon
  7589 | D:10     | Reached skill level 1 in Spellcasting
  7611 | D:10     | Noticed Sonja
  7624 | D:10     | Noticed Sonja
  7624 | D:10     | Sonja changed into Sonja the hornet
  7629 | D:10     | Killed Sonja the hornet
  7783 | D:10     | Noticed a gargoyle
  7789 | D:10     | Killed a gargoyle
  7817 | D:10     | Noticed Maurice
  7845 | D:10     | Noticed Psyche
  7853 | D:10     | Reached ***** piety under Kikubaaqudgha
  7863 | D:10     | Killed Psyche
  7882 | D:10     | Killed Maurice
  7883 | D:10     | Reached skill level 9 in Unarmed Combat
  8604 | D:11     | Reached XP level 11. HP: 100/105 MP: 12/12
  8915 | D:11     | Noticed a boulder beetle
  8961 | D:11     | HP: 5/159 [sky beast (6)]
  8962 | D:11     | Slain by a boulder beetle

Illustrated notes

Levels and vault maps discovered:
D:1:      onia_arrival_mini_spirals, layout_loops_corners
D:2:      layout_loops_ring, minmay_octomino_e4, uniq_terence
D:3:      layout_loops_ring, eat_drink_and_be_merry_uskayaw,
          cheibrodos_ashenzari_chains, due_unseen_surprise, uniq_robin,
          uniq_ijyb, uniq_jessica
D:4:      layout_cave_pools, minmay_temple_entry_glass, chequers_garden,
          grunt_gozag_statues, uniq_pikel, uniq_blork_the_orc, uniq_natasha
D:5:      layout_cave_pools, yredelemnul_altar_generic, uniq_crazy_yiuf_cottage
D:6:      layout_cave_pools, nicolae_dithmenos_shadow_blocks, uniq_maggie
D:7:      kennysheep_big_flooded_room, layout_basic
D:8:      layout_basic, lemuel_crystal_altar, minivault_22, uniq_prince_ribbit1,
          uniq_erica, uniq_grum
D:9:      layout_cave_pools, elyvilon_altar_3,
          gammafunk_ghost_berserking_beasts, dk_rats_in_the_wall, uniq_joseph
D:10:     layout_basic, uniq_sonja, uniq_maurice, uniq_psyche
D:11:     layout_loops_ring, due_lair_maze_entry_diamond, david_orc_4,
          serial_shops, kennysheep_little_box
Temple:   hc_temple_tempest_star

Skill      XL: |  1  2  3  4  5  6  7  8  9 10 |
---------------+-------------------------------+-----
Necromancy     | 1 2 3 4 5 7 8 |  8.2
Armour         | 1 2 3 4 5 |  5.7
Fighting       | 3 4 5 6 |  6.3
Unarmed Combat | 4 5 6 7 9 |  9.3
Evocations     | 1 2 3 |  3.7
Spellcasting   | 1 |  1.7
Dodging        | |  2.4
Stealth        | |  1.0

Action                   |  1- 3 |  4- 6 |  7- 9 | 10-12 || total
-------------------------+-------+-------+-------+-------++-------
Melee: Unarmed           |    64 |   165 |   288 |   312 ||   829
       Punch             |     1 |     1 |     9 |    11 ||    22
Throw: Throwing net      |       |       |       |     3 ||     3
Evoke: Wand              |       |       |       |     1 ||     1
  Use: Scroll            |       |       |     7 |    10 ||    17
       Potion            |       |       |       |     7 ||     7
 Stab: Sleeping          |       |     2 |       |       ||     2
       Invisible         |       |       |       |     1 ||     1
Armor: Robe              |    25 |    60 |    78 |       ||   163
       Acid dragon scale |       |       |    57 |   150 ||   207
Dodge: Dodged            |    29 |    84 |   146 |   146 ||   405

Table legend: (Time is in decaauts)
 A = Elapsed time spent in this place.
 B = Non-inter-level travel time spent in this place.
 C = Inter-level travel time spent in this place.
 D = Time resting spent in this place.
 E = Time spent auto-exploring this place.
 F = Levels seen in this place.
 G = Mean time per level.
                   A        B        C        D        E       F      G
               +--------+--------+--------+--------+--------+-----+--------+
         Total |   8906 |   8209 |    697 |    369 |   6308 |  12 |  742.2 |
       Dungeon |   8373 |   7876 |    497 |    369 |   5979 |  11 |  761.2 |
        Temple |    533 |    333 |    200 |      0 |    328 |   1 |  533.0 |
               +--------+--------+--------+--------+--------+-----+--------+

Top non-repeatable levels by time:
    D:10: 1208 daAuts
     D:8: 1187 daAuts
     D:7: 899 daAuts
     D:3: 813 daAuts
     D:4: 758 daAuts
     D:2: 726 daAuts
     D:1: 719 daAuts
     D:9: 600 daAuts
     D:6: 585 daAuts
  Temple: 533 daAuts
     D:5: 523 daAuts
    D:11: 351 daAuts
